[Event "1000GM Spring Break Schev-A 2024"]
[Site "San Jose"]
[Date "2024.03.30"]
[Round "1.1"]
[White "Rajaram, Rohan"]
[Black "Garcia Guerrero, Isaac Antonio"]
[Result "0-1"]
[ECO "E04"]
[WhiteElo "2198"]
[BlackElo "2300"]
[Annotator "RC"]
[PlyCount "116"]
[EventDate "2024.03.28"]
[EventType "schev"]
[EventCountry "USA"]
[SourceTitle "playchess.com"]
[Source "ChessBase"]
[SourceQuality "1"]
[TimeControl "5400+30"]

1. d4 Nf6 2. c4 e6 3. g3 d5 4. Bg2 dxc4 5. Nf3 Bd7 6. Ne5 Nc6 7. Nxc4 Bb4+ 8. Bd2 O-O 9. O-O Be7 10. Bc3 b5 11. Ne5 Nd5 12. Nxc6 Bxc6 13. Be1 Bb7 14. Nd2 c5 15. dxc5 Bxc5 16. Nb3 Bb6 17. e4 Nf6 18. Bb4 Qxd1 19. Rfxd1 Rfc8 20. Nd4 Rc4 21. Bc3 b4 22. Bf1 bxc3 23. Bxc4 cxb2 24. Rab1 Nxe4 25. Rxb2 Rd8 26. Be2 Nc3 27. Rc1 Bxd4 28. Rxc3 Bxc3 29. Rxb7 Bd4 30. a4 g6 31. Bb5 Rc8 32. Rd7 e5 33. Bd3 f5 34. h4 Rc3 35. Be2 Rxg3+ 36. Kh2 Rc3 37. Kg2 f4 38. h5 gxh5 39. Bf3 Rc2 40. Bd5+ Kf8 41. Rxh7 Rxf2+ 42. Kh3 Rf1 43. Kh4 Rg1 44. Kxh5 Ke8 45. Rb7 Rg3 46. Rb3 Be3 47. Rb7 f3 48. Kh4 f2 49. Rf7 Bf4 50. Bc4 Rc3 51. Bf1 Kxf7 52. Kg4 Kf6 53. Be2 Rg3+ 54. Kh5 e4 55. Bc4 Kf5 56. Bf1 Rg1 57. Bh3+ Kf6 58. Bg4 f1=Q 0-1

[Event "1000GM Spring Break Schev-A 2024"]
[Site "San Jose"]
[Date "2024.03.30"]
[Round "1.2"]
[White "Sivakumar, Shaashwath"]
[Black "Arenas, David"]
[Result "1/2-1/2"]
[ECO "E11"]
[WhiteElo "2277"]
[BlackElo "2368"]
[Annotator "RC"]
[PlyCount "88"]
[EventDate "2024.03.28"]
[EventType "schev"]
[EventCountry "USA"]
[SourceTitle "playchess.com"]
[Source "ChessBase"]
[SourceQuality "1"]
[TimeControl "5400+30"]

1. d4 Nf6 2. c4 e6 3. g3 Bb4+ 4. Bd2 Qe7 5. Nf3 Nc6 6. Nc3 O-O 7. Bg2 Bxc3 8. Bxc3 Ne4 9. Rc1 a5 10. O-O Nxc3 11. Rxc3 d6 12. d5 Nb4 13. a3 Na6 14. dxe6 fxe6 15. Re3 e5 16. Nd4 c6 17. f4 Bg4 18. h3 Bh5 19. Nf3 Bxf3 20. exf3 Qc7 21. fxe5 dxe5 22. Qe2 Rae8 23. f4 Nc5 24. Kh1 Re6 25. b4 axb4 26. axb4 Nd7 27. c5 Rfe8 28. Re1 Kh8 29. Bf3 e4 30. Bh5 Ra8 31. Rxe4 Rxe4 32. Qxe4 Nf6 33. Qe6 Qb8 34. Bf3 Qa7 35. Qe3 Qa3 36. Qxa3 Rxa3 37. Kg2 Rb3 38. Rd1 h5 39. Rd4 Rb2+ 40. Kf1 Rb3 41. Kf2 Rb2+ 42. Be2 Nd5 43. Kf1 Ne3+ 44. Kf2 Nd5 1/2-1/2

[Event "1000GM Spring Break Schev-A 2024"]
[Site "San Jose"]
[Date "2024.03.30"]
[Round "1.3"]
[White "Liu, Patrick"]
[Black "Alarcon Bahamondez, Roberto Ignacio"]
[Result "0-1"]
[ECO "A62"]
[WhiteElo "2068"]
[BlackElo "2335"]
[Annotator "RC"]
[PlyCount "100"]
[EventDate "2024.03.28"]
[EventType "schev"]
[EventCountry "USA"]
[SourceTitle "playchess.com"]
[Source "ChessBase"]
[SourceQuality "1"]
[TimeControl "5400+30"]

1. d4 Nf6 2. c4 e6 3. g3 c5 4. d5 exd5 5. cxd5 d6 6. Bg2 g6 7. Nc3 Bg7 8. Nf3 O-O 9. O-O a6 10. a4 Re8 11. Bf4 Bf8 12. Nd2 Nh5 13. Be3 Nd7 14. Nc4 Ne5 15. Nxe5 Rxe5 16. Bd2 Re8 17. e4 Bg7 18. f4 Bd4+ 19. Kh1 Bd7 20. Qf3 Ng7 21. Rae1 f5 22. b3 Qb6 23. exf5 gxf5 24. Ne2 Bf6 25. Bc3 Qd8 26. a5 Bb5 27. Bxf6 Qxf6 28. Rg1 Qe7 29. Bf1 Qe3 30. Kg2 Qd2 31. Kf2 Re7 32. g4 Rf8 33. g5 Rfe8 34. Rg3 Re4 35. g6 Rxf4 36. gxh7+ Kh8 37. Qxf4 Rxe2+ 38. Bxe2 Qxf4+ 39. Kg1 Qd2 40. Kf1 f4 41. Rf3 Nf5 42. Bxb5 axb5 43. Re2 Qxd5 44. Rxf4 Qh1+ 45. Kf2 Qxh2+ 46. Kf3 Nd4+ 47. Rxd4 Qh1+ 48. Kf2 cxd4 49. Re8+ Kxh7 50. Re7+ Kg8 0-1

[Event "1000GM Spring Break Schev-A 2024"]
[Site "San Jose"]
[Date "2024.03.30"]
[Round "1.4"]
[White "Jimenez Garcia, Emmanuel"]
[Black "Yan, Nathan"]
[Result "1-0"]
[ECO "E14"]
[WhiteElo "2421"]
[BlackElo "2185"]
[Annotator "TA"]
[PlyCount "41"]
[EventDate "2024.03.28"]
[EventType "schev"]
[EventCountry "USA"]
[SourceTitle "playchess.com"]
[Source "ChessBase"]
[SourceQuality "1"]
[TimeControl "5400+30"]

1. Nf3 Nf6 2. d4 e6 3. e3 d5 4. Bd3 Be7 5. O-O O-O 6. b3 b6 7. Bb2 Bb7 8. Nbd2 Nbd7 9. Qe2 c5 10. c4 Rc8 11. Rac1 (11. Rfd1 {feels hotter.} dxc4 12. Nxc4 cxd4 13. Nxd4 Qc7 14. Rac1) 11... Re8 12. cxd5 Nxd5 {[%emt 0:03:30] The position is equal.} 13. Nc4 cxd4 14. Bxd4 Nc5 15. Bb1 Bf6 16. Rfd1 {[%emt 0:13:07] Hoping for e4.} Bxd4 17. Rxd4 (17. Nxd4 $11 f5 18. Qd2) 17... Ba6 $2 {[%emt 0:11:37] [#]} (17... b5 $15 {stays ahead.} 18. Rdd1 Qe7 (18... bxc4 19. bxc4 $11)) 18. e4 $1 $16 Nf4 (18... b5 $16 {is a better defense.}) 19. Qd2 $18 Qf6 (19... Qc7 {was worth a try.}) 20. e5 Nh3+ 21. Kh1 {[%emt 0:28:55] Weighted Error Value: White=0.11 (very precise) /Black=0.75.  Mistake:       	White=1     	Black=3      Inaccurate:     	---       	Black=1      OK:         	White=4     	Black=2      Best:        	White=1     	Black=1      Strong:       	White=1     	---} 1-0

[Event "1000GM Spring Break Schev-A 2024"]
[Site "San Jose"]
[Date "2024.03.30"]
[Round "1.5"]
[White "Zuluaga Mancilla, Cesar"]
[Black "Tang, Dylan"]
[Result "0-1"]
[ECO "D37"]
[WhiteElo "2217"]
[BlackElo "2152"]
[Annotator "ChessBase"]
[PlyCount "56"]
[EventDate "2024.03.28"]
[EventType "schev"]
[EventCountry "USA"]
[SourceTitle "playchess.com"]
[Source "ChessBase"]
[SourceQuality "1"]
[TimeControl "5400+30"]

1. d4 d5 2. Nf3 Nf6 3. c4 e6 4. Nc3 Be7 5. Qb3 dxc4 6. Qxc4 a6 7. a4 b5 8. Qd3 b4 9. Ne4 Nxe4 10. Qxe4 Ra7 11. Qc2 Bb7 12. Bf4 O-O 13. e3 c5 14. dxc5 Qa5 15. Bd6 Bxd6 16. cxd6 Rc8 17. Qd2 Bxf3 18. gxf3 Rd7 19. Rg1 Rcd8 20. Qd4 e5 21. Rg5 Nc6 22. Qc4 b3+ 23. Qc3 Nb4 24. Rd1 Nc2+ 25. Ke2 Qxc3 26. bxc3 b2 27. Rb1 Rxd6 28. f4 e4 0-1

[Event "1000GM Spring Break Schev-A 2024"]
[Site "San Jose"]
[Date "2024.03.31"]
[Round "2.1"]
[White "Arenas, David"]
[Black "Rajaram, Rohan"]
[Result "1-0"]
[ECO "B50"]
[WhiteElo "2368"]
[BlackElo "2198"]
[Annotator "RC"]
[PlyCount "100"]
[EventDate "2024.03.28"]
[EventType "schev"]
[EventCountry "USA"]
[SourceTitle "playchess.com"]
[Source "ChessBase"]
[SourceQuality "1"]
[TimeControl "5400+30"]

1. e4 c5 2. Nf3 d6 3. c3 Nf6 4. h3 g6 5. Bd3 Bg7 6. Bc2 O-O 7. O-O b6 8. d4 cxd4 9. cxd4 Bb7 10. Re1 e6 11. Nc3 a6 12. Bf4 b5 13. Qd2 Nc6 14. a4 b4 15. Na2 a5 16. Nc1 Rc8 17. Nb3 Re8 18. Bd3 Na7 19. Qe2 Qb6 20. Nfd2 d5 21. e5 Nd7 22. h4 Nc6 23. Bb5 Rc7 24. Be3 Rec8 25. Nc4 Qa7 26. Nd6 Rb8 27. Rac1 Ba8 28. Rc2 Ne7 29. Rec1 Rxc2 30. Qxc2 Nf5 31. Qc7 Qxc7 32. Rxc7 Nb6 33. Nxf5 gxf5 34. Nxa5 Rc8 35. Rxc8+ Nxc8 36. Bc6 Nb6 37. b3 Bf8 38. Bd2 f6 39. f4 Kf7 40. Bxa8 Nxa8 41. Nc6 fxe5 42. fxe5 Nc7 43. Bxb4 Bh6 44. Bd6 Na8 45. Nd8+ Ke8 46. Nxe6 Kd7 47. Nc5+ Kc6 48. Kf2 Nb6 49. Nd3 Bg7 50. Nb4+ Kb7 1-0

[Event "1000GM Spring Break Schev-A 2024"]
[Site "San Jose"]
[Date "2024.03.31"]
[Round "2.2"]
[White "Alarcon Bahamondez, Roberto Ignacio"]
[Black "Sivakumar, Shaashwath"]
[Result "1-0"]
[ECO "A07"]
[WhiteElo "2335"]
[BlackElo "2277"]
[Annotator "RC"]
[PlyCount "109"]
[EventDate "2024.03.28"]
[EventType "schev"]
[EventCountry "USA"]
[SourceTitle "playchess.com"]
[Source "ChessBase"]
[SourceQuality "1"]
[TimeControl "5400+30"]

1. Nf3 d5 2. b3 Nf6 3. Bb2 Bf5 4. g3 e6 5. Bg2 Nbd7 6. O-O h6 7. d3 Be7 8. Nbd2 O-O 9. Ne5 Bh7 10. Nxd7 Nxd7 11. e4 c6 12. Qe2 a5 13. a4 Bf6 14. e5 Be7 15. f4 b5 16. Bh3 bxa4 17. Rxa4 Nc5 18. Ra2 a4 19. Rfa1 Rb8 20. bxa4 Nxa4 21. Bd4 c5 22. Rxa4 cxd4 23. Nb3 Qb6 24. Kh1 Rfc8 25. f5 exf5 26. Nxd4 g6 27. Nb3 Bf8 28. Bg2 Rd8 29. Ra6 Qb4 30. Rc6 Bg7 31. d4 Qb7 32. Qa6 Qb4 33. Qa5 Bf8 34. Qxb4 Bxb4 35. Rc7 g5 36. Raa7 Bg6 37. e6 f4 38. gxf4 gxf4 39. e7 Rdc8 40. Rab7 Kg7 41. Rxb4 Rxc7 42. Rxb8 Rxe7 43. Bxd5 Bxc2 44. Nc5 Re1+ 45. Kg2 Rd1 46. Rb4 Bg6 47. Bf3 Rd2+ 48. Kg1 Rc2 49. Be4 Rc1+ 50. Kf2 Bh5 51. Rb2 Rc4 52. Rd2 Kf6 53. Bf3 Bg6 54. Nd7+ Ke6 55. Bd5+ 1-0

[Event "1000GM Spring Break Schev-A 2024"]
[Site "San Jose"]
[Date "2024.03.31"]
[Round "2.3"]
[White "Jimenez Garcia, Emmanuel"]
[Black "Liu, Patrick"]
[Result "1-0"]
[ECO "A13"]
[WhiteElo "2421"]
[BlackElo "2068"]
[Annotator "TA"]
[PlyCount "91"]
[EventDate "2024.03.28"]
[EventType "schev"]
[EventCountry "USA"]
[SourceTitle "playchess.com"]
[Source "ChessBase"]
[SourceQuality "1"]
[TimeControl "5400+30"]

1. Nf3 d5 2. e3 Nf6 3. c4 e6 4. b3 Be7 5. Bb2 O-O 6. Nc3 b6 7. cxd5 Nxd5 8. Qc2 Bb7 9. h4 {[%emt 0:00:08] The position is equal.} Nxc3 (9... Nf6 $15) 10. dxc3 Nd7 ({Black should try} 10... h6 $11) 11. O-O-O $14 Bxf3 12. gxf3 Qc8 13. Rg1 {[%emt 0:03:57] White is more active. White leaves nothing to chance now.} a5 (13... Nf6 $16) 14. c4 $18 Nf6 15. Bd3 h6 (15... Rd8 {keeps fighting.} 16. Bxh7+ Kf8) 16. Rg2 $40 {[%emt 0:03:00][%mdl 128] Hoping for Rdg1. White attacks with force.} Kh8 17. Rdg1 Rg8 18. Bh7 {[%emt 0:00:48] A strong pair of Bishops.} g6 $2 ({Worse is} 18... Nxh7 19. Rxg7 Rxg7 20. Rxg7 (20. Bxg7+ Kg8 $18) 20... f5 21. Rxe7+ e5 22. Qc3 (22. Bxe5+ Kg8 $18) 22... Nf6 23. Qxe5) (18... Qd7 19. a4 (19. Bxg8 Rxg8 20. f4 Qc6 $18) 19... Qd6 (19... Nxh7 20. Rxg7 Rxg7 21. Rxg7)) 19. Bxg8 Qxg8 {[%emt 0:00:09] [#]} 20. h5 $1 g5 21. f4 a4 22. fxg5 hxg5 23. Rxg5 Qf8 24. Rg7 Qxg7 25. Rxg7 Kxg7 26. Qd1 axb3 27. axb3 Ra5 28. Qd7 Ba3 {[%emt 0:02:06] aiming for ...Bxb2+.} 29. h6+ Kg6 30. Qxc7 Bxb2+ 31. Kxb2 {[%emt 0:00:01][%mdl 4096] Endgame. KQ-KRN} Rf5 32. f4 b5 {[%emt 0:02:59] [#]} 33. h7 $1 Nxh7 34. c5 Nf6 35. c6 Rh5 {[%emt 0:06:37] [#]} 36. f5+ $1 exf5 (36... Kxf5 37. Qf4+) 37. Qg3+ Ng4 38. c7 Rh8 39. Qd6+ f6 40. Qd8 Rxd8 41. cxd8=Q {[%emt 0:00:07] Black must now prevent Qg8+.} Nxe3 42. Qe8+ {[%emt 0:00:05] White mates.} Kg5 43. Qxe3+ f4 44. Qc5+ Kg4 45. Qxb5 f3 46. Qf1 {[%emt 0:00:06] Weighted Error Value: White=0.41/Black=0.45.  Mistake:       	---       	Black=5      Inaccurate:     	White=1     	Black=1      OK:         	White=2     	Black=4      Best:        	White=4     	Black=1} 1-0

[Event "1000GM Spring Break Schev-A 2024"]
[Site "San Jose"]
[Date "2024.03.31"]
[Round "2.4"]
[White "Yan, Nathan"]
[Black "Zuluaga Mancilla, Cesar"]
[Result "0-1"]
[ECO "B43"]
[WhiteElo "2185"]
[BlackElo "2217"]
[Annotator "RC"]
[PlyCount "65"]
[EventDate "2024.03.28"]
[EventType "schev"]
[EventCountry "USA"]
[SourceTitle "playchess.com"]
[Source "ChessBase"]
[SourceQuality "1"]
[TimeControl "5400+30"]

1. e4 c5 2. Nf3 e6 3. d4 cxd4 4. Nxd4 a6 5. Nc3 Qc7 6. Bd3 Nf6 7. Qe2 d6 8. g4 Nc6 9. Nxc6 bxc6 10. g5 Nd7 11. Bf4 Nc5 12. O-O-O Be7 13. h4 a5 14. h5 e5 15. Be3 Nxd3+ 16. cxd3 a4 17. Qc2 Qa5 18. Rdg1 Be6 19. g6 fxg6 20. hxg6 h6 21. d4 a3 22. b3 exd4 23. Bxd4 O-O 24. Ne2 Rf3 25. Be3 Bf6 26. Nf4 Qe5 27. Nxe6 Qxe6 28. Rh5 d5 29. exd5 cxd5 30. Qd2 Rc8+ 31. Kd1 d4 32. Bxh6 gxh6 33. Qxh6 0-1

[Event "1000GM Spring Break Schev-A 2024"]
[Site "San Jose"]
[Date "2024.03.31"]
[Round "2.5"]
[White "Tang, Dylan"]
[Black "Garcia Guerrero, Isaac Antonio"]
[Result "1/2-1/2"]
[ECO "B45"]
[WhiteElo "2152"]
[BlackElo "2300"]
[Annotator "RC"]
[PlyCount "75"]
[EventDate "2024.03.28"]
[EventType "schev"]
[EventCountry "USA"]
[SourceTitle "playchess.com"]
[Source "ChessBase"]
[SourceQuality "1"]
[TimeControl "5400+30"]

1. e4 c5 2. Nf3 e6 3. d4 cxd4 4. Nxd4 Nf6 5. Nc3 Nc6 6. Ndb5 Bb4 7. a3 Bxc3+ 8. Nxc3 d5 9. exd5 exd5 10. Bd3 O-O 11. O-O d4 12. Ne2 Bg4 13. f3 Bh5 14. Bg5 Bg6 15. Bh4 Qd6 16. Bg3 Qd7 17. b4 a6 18. c3 Rad8 19. Bxg6 hxg6 20. cxd4 Nxd4 21. Nxd4 Qxd4+ 22. Qxd4 Rxd4 23. Rac1 Rfd8 24. Rc7 R4d7 25. Rfc1 Nd5 26. Rxd7 Rxd7 27. Rc8+ Kh7 28. Kf2 g5 29. Rc5 f6 30. Rc4 Kg6 31. Rd4 Kf5 32. h4 gxh4 33. Bxh4 Ke6 34. Re4+ Kf7 35. Rd4 Ke6 36. Re4+ Kf7 37. Rd4 Ke6 38. Re4+ 1/2-1/2

[Event "1000GM Spring Break Schev-A 2024"]
[Site "San Jose"]
[Date "2024.03.31"]
[Round "3.1"]
[White "Rajaram, Rohan"]
[Black "Alarcon Bahamondez, Roberto Ignacio"]
[Result "0-1"]
[ECO "A62"]
[WhiteElo "2198"]
[BlackElo "2335"]
[Annotator "RC"]
[PlyCount "100"]
[EventDate "2024.03.28"]
[EventType "schev"]
[EventCountry "USA"]
[SourceTitle "playchess.com"]
[Source "ChessBase"]
[SourceQuality "1"]
[TimeControl "5400+30"]

1. d4 Nf6 2. c4 e6 3. g3 c5 4. d5 exd5 5. cxd5 d6 6. Bg2 g6 7. Nc3 Bg7 8. Nf3 Qe7 9. O-O O-O 10. Nd2 Nbd7 11. Nc4 Ne5 12. Nxe5 Qxe5 13. Bf4 Qe7 14. Re1 Bd7 15. a4 a6 16. a5 Ng4 17. h3 Ne5 18. Qb3 Rab8 19. Kh2 Qd8 20. Bxe5 Bxe5 21. f4 Bg7 22. e4 Re8 23. Qc2 Qc7 24. Bf1 Bd4 25. Red1 Qd8 26. Ra2 Bg7 27. Bd3 Qc8 28. Qg2 f5 29. Re1 c4 30. Bc2 Qc5 31. Re2 Re7 32. Ra1 Rbe8 33. Rae1 Bxc3 34. bxc3 fxe4 35. Rxe4 Rxe4 36. Rxe4 Rxe4 37. Bxe4 Qxa5 38. Qe2 Qxc3 39. Bg2 Kf7 40. h4 b5 41. Bh3 Bxh3 42. Kxh3 Qf6 43. Qe3 Qf5+ 44. Kh2 Qc8 45. Qa7+ Kg8 46. Qe3 c3 47. Qc1 c2 48. Kg2 b4 49. Kh2 b3 50. Kg2 b2 0-1

[Event "1000GM Spring Break Schev-A 2024"]
[Site "San Jose"]
[Date "2024.03.31"]
[Round "3.2"]
[White "Sivakumar, Shaashwath"]
[Black "Jimenez Garcia, Emmanuel"]
[Result "1-0"]
[ECO "A62"]
[WhiteElo "2277"]
[BlackElo "2421"]
[Annotator "TA"]
[PlyCount "59"]
[EventDate "2024.03.28"]
[EventType "schev"]
[EventCountry "USA"]
[SourceTitle "playchess.com"]
[Source "ChessBase"]
[SourceQuality "1"]
[TimeControl "5400+30"]

1. d4 Nf6 2. c4 e6 3. g3 c5 4. d5 d6 5. Nc3 exd5 6. cxd5 g6 7. Bg2 Bg7 8. Nf3 O-O 9. O-O Re8 10. Bf4 Na6 11. Re1 Bf5 12. Nd2 Nh5 13. e4 {[%emt 0:00:30] White is slightly better.} Nxf4 14. gxf4 Bd7 15. Nc4 Qf6 16. e5 $1 Qxf4 {[%emt 0:00:00][%cal Re8e5] Strongly threatening ...Rxe5.} 17. Re4 Qh6 18. e6 fxe6 19. Nxd6 {[%emt 0:00:30] dxe6 is the strong threat. A dynamic duo of knights.} Re7 20. dxe6 $1 (20. Nxb7 $6 Bd4 $14) 20... Bc6 {[%emt 0:00:30][%cal Og7c3] Threatens to win with ...Bxc3!} 21. Nd5 $36 {[%emt 0:00:00][%mdl 2048] White has strong initiative. Really sharp!} Bxd5 22. Qxd5 Bd4 {[%emt 0:01:00][%cal Oa6c7] [#]} 23. Rg4 $1 {[%emt 0:00:00][%cal Od6f5] Hoping for Nf5! White is more active.} (23. Nxb7 Qd2 (23... Nb4 $2 24. Qd6 $18) 24. Qd6 Bxf2+ (24... Rxb7 $2 25. Rxd4 cxd4 26. Bxb7 $18) 25. Kh1 Qxd6 26. Nxd6 c4 $18) 23... Nb4 $2 {[%emt 0:00:00] [#]} (23... Rf8 $16 {was worth a try.}) 24. Nf5 $1 $18 Nxd5 25. Nxh6+ Kg7 26. Nf5+ Kf6 $2 (26... Kh8) 27. Nxd4 ({Less strong is} 27. Nxe7 Nxe7 28. Re1 (28. Bxb7 Rb8 $16) 28... Nf5 $18) 27... h5 28. Rg3 Nf4 29. Rf3 Kg5 {[%emt 0:00:00][%cal Of4g2] [#]} 30. h4+ $1 {[%emt 0:00:00] Black did not feel at home in the position after the opening.   Weighted Error Value: White=0.00 (flawless) /Black=0.40.  Mistake:       	---       	Black=2      Inaccurate:     	---       	Black=1      OK:         	White=8     	Black=8      Best:        	White=5     	Black=1      Strong:       	White=4     	---} 1-0

[Event "1000GM Spring Break Schev-A 2024"]
[Site "San Jose"]
[Date "2024.03.31"]
[Round "3.3"]
[White "Zuluaga Mancilla, Cesar"]
[Black "Liu, Patrick"]
[Result "0-1"]
[ECO "D30"]
[WhiteElo "2217"]
[BlackElo "2068"]
[Annotator "RC"]
[PlyCount "104"]
[EventDate "2024.03.28"]
[EventType "schev"]
[EventCountry "USA"]
[SourceTitle "playchess.com"]
[Source "ChessBase"]
[SourceQuality "1"]
[TimeControl "5400+30"]

1. d4 Nf6 2. c4 c6 3. Nf3 d5 4. Nbd2 e6 5. Qc2 Nbd7 6. e3 Be7 7. b3 O-O 8. Bb2 b6 9. cxd5 cxd5 10. Rc1 Bb7 11. Qb1 Ne4 12. Nxe4 dxe4 13. Nd2 Bb4 14. Rc2 Qe7 15. Bc4 Rac8 16. O-O Bd6 17. Rfc1 f5 18. Nf1 Nf6 19. Be2 Rcd8 20. Re1 Nd5 21. Bc4 h6 22. a3 Kh8 23. b4 Qg5 24. Ng3 h5 25. Qd1 h4 26. Nh5 g6 27. Bxd5 exd5 28. Nf4 Qf6 29. b5 g5 30. Nh3 Qg6 31. Bc3 Bb8 32. Bb4 Rf7 33. f4 exf3 34. gxf3 Bc8 35. Rg2 f4 36. Nxg5 Rg7 37. Kh1 h3 38. Rgg1 Qf6 39. exf4 Bxf4 40. Re5 Rdg8 41. Bd2 Rxg5 42. Rgxg5 Rxg5 43. Re8+ Rg8 44. Rxg8+ Kxg8 45. Qc1 Bxd2 46. Qxc8+ Kg7 47. Qxh3 Qxd4 48. Qd7+ Kf6 49. Qd8+ Kf5 50. Qf8+ Qf6 51. Qc8+ Kf4 52. Kg2 Qg6+ 0-1

[Event "1000GM Spring Break Schev-A 2024"]
[Site "San Jose"]
[Date "2024.03.31"]
[Round "3.4"]
[White "Garcia Guerrero, Isaac Antonio"]
[Black "Yan, Nathan"]
[Result "1/2-1/2"]
[ECO "D02"]
[WhiteElo "2300"]
[BlackElo "2185"]
[Annotator "RC"]
[PlyCount "54"]
[EventDate "2024.03.28"]
[EventType "schev"]
[EventCountry "USA"]
[SourceTitle "playchess.com"]
[Source "ChessBase"]
[SourceQuality "1"]
[TimeControl "5400+30"]

1. d4 d5 2. Nf3 e6 3. Bf4 Nf6 4. Nbd2 c5 5. e3 Nc6 6. c3 cxd4 7. exd4 Nh5 8. Bg5 f6 9. Be3 Bd6 10. Nh4 g6 11. g3 O-O 12. Bg2 Ne7 13. O-O Ng7 14. f4 b6 15. Re1 Bb7 16. a4 Qd7 17. a5 Rae8 18. axb6 axb6 19. Qb3 Qc7 20. Nf1 h6 21. Qc2 Kf7 22. Qf2 Kg8 23. Qc2 g5 24. fxg5 fxg5 25. Ng6 Nxg6 26. Qxg6 Qf7 27. Qc2 Qc7 1/2-1/2

[Event "1000GM Spring Break Schev-A 2024"]
[Site "San Jose"]
[Date "2024.03.31"]
[Round "3.5"]
[White "Tang, Dylan"]
[Black "Arenas, David"]
[Result "1/2-1/2"]
[ECO "B72"]
[WhiteElo "2152"]
[BlackElo "2368"]
[Annotator "RC"]
[PlyCount "59"]
[EventDate "2024.03.28"]
[EventType "schev"]
[EventCountry "USA"]
[SourceTitle "playchess.com"]
[Source "ChessBase"]
[SourceQuality "1"]
[TimeControl "5400+30"]

1. e4 c5 2. Nf3 d6 3. d4 Nf6 4. Nc3 cxd4 5. Nxd4 g6 6. Be3 Nc6 7. f3 h5 8. Qd2 Nxd4 9. Bxd4 Bh6 10. Bb5+ Bd7 11. Qe2 Bc6 12. Rd1 Bg7 13. e5 dxe5 14. Qxe5 O-O 15. Bxc6 bxc6 16. O-O Ne8 17. Qc5 Qb6 18. Ne4 Bxd4+ 19. Rxd4 Ng7 20. Rd7 Ne6 21. Qxb6 axb6 22. a3 Rfe8 23. Rfd1 Kf8 24. h4 Reb8 25. Kf2 Ra4 26. Ng5 Nc5 27. R7d4 Rxd4 28. Rxd4 f6 29. Ne4 Nxe4+ 30. Rxe4 1/2-1/2

[Event "1000GM Spring Break Schev-A 2024"]
[Site "San Jose"]
[Date "2024.04.01"]
[Round "4.1"]
[White "Jimenez Garcia, Emmanuel"]
[Black "Rajaram, Rohan"]
[Result "1/2-1/2"]
[ECO "D12"]
[WhiteElo "2421"]
[BlackElo "2198"]
[Annotator "RC"]
[PlyCount "163"]
[EventDate "2024.03.28"]
[EventType "schev"]
[EventCountry "USA"]
[SourceTitle "playchess.com"]
[Source "ChessBase"]
[SourceQuality "1"]
[TimeControl "5400+30"]

1. c4 c6 2. Nf3 Nf6 3. d4 d5 4. e3 Bf5 5. Nc3 e6 6. Nh4 Be4 7. f3 Bg6 8. Qb3 Qc7 9. Nxg6 hxg6 10. g3 Be7 11. Bd2 Nbd7 12. Kf2 Rc8 13. Rc1 dxc4 14. Bxc4 Nb6 15. Be2 a6 16. e4 Nbd7 17. e5 Nd5 18. Nxd5 exd5 19. f4 Nf8 20. Bg4 Ne6 21. Qd3 Qd7 22. h4 c5 23. Be3 cxd4 24. Bxd4 Rxc1 25. Rxc1 O-O 26. Rd1 Rc8 27. Kg1 Qc6 28. Bf2 Rd8 29. Bf3 Nc7 30. Kg2 b6 31. Be1 Qa4 32. Qb3 Qc6 33. Qc3 Qb7 34. b4 Ne6 35. Qb3 Nc7 36. Rc1 Ne6 37. Qc3 Qd7 38. Qc6 a5 39. Qxd7 Rxd7 40. bxa5 bxa5 41. a4 Nc5 42. Bxa5 Nxa4 43. Rd1 Nb2 44. Rxd5 Rxd5 45. Bxd5 Nd3 46. Kf3 Nc5 47. Be1 Ne6 48. Ke4 Nc5+ 49. Kd4 Ne6+ 50. Kc4 Nc7 51. Be4 Ne6 52. Kd5 Nd8 53. Ba5 Kf8 54. Bd3 Ke8 55. Bb5+ Kf8 56. Bd7 Kg8 57. Bc7 Nb7 58. Bb6 Kf8 59. Kc6 Nd8+ 60. Kc7 Ne6+ 61. Kc8 Bb4 62. Bf2 Nc5 63. Bc6 Ke7 64. g4 Nd3 65. Be3 Bc5 66. Bd2 Nf2 67. Bf3 Nd3 68. Kc7 Bf2 69. Be4 Nc5 70. Bd5 Nd3 71. Bc4 Be1 72. Bxe1 Nxe1 73. Bxf7 Ng2 74. Bxg6 Nxf4 75. Bb1 Ke6 76. Kd8 Kxe5 77. Ke7 Ng2 78. h5 Kf4 79. Kf7 Kxg4 80. Bg6 Nf4 81. Kxg7 Nxh5+ 82. Bxh5+ 1/2-1/2

[Event "1000GM Spring Break Schev-A 2024"]
[Site "San Jose"]
[Date "2024.04.01"]
[Round "4.2"]
[White "Zuluaga Mancilla, Cesar"]
[Black "Sivakumar, Shaashwath"]
[Result "0-1"]
[ECO "D23"]
[WhiteElo "2217"]
[BlackElo "2277"]
[Annotator "RC"]
[PlyCount "95"]
[EventDate "2024.03.28"]
[EventType "schev"]
[EventCountry "USA"]
[SourceTitle "playchess.com"]
[Source "ChessBase"]
[SourceQuality "1"]
[TimeControl "5400+30"]

1. d4 d5 2. Nf3 Nf6 3. c4 c6 4. Qc2 dxc4 5. Qxc4 Bg4 6. Nc3 e6 7. e3 Nbd7 8. Be2 Be7 9. O-O O-O 10. Rd1 Qb8 11. h3 Bh5 12. Bd2 b5 13. Qxc6 a6 14. Ne5 Nxe5 15. dxe5 Rc8 16. Qxc8+ Qxc8 17. exf6 Bxe2 18. Nxe2 Bxf6 19. Rac1 Qb7 20. Bc3 Bxc3 21. Rxc3 Rc8 22. Rcd3 g6 23. R1d2 Kg7 24. f3 Rc7 25. Kf2 b4 26. Nf4 Qb5 27. h4 e5 28. Nd5 Rc1 29. e4 Ra1 30. Kg3 Rxa2 31. Nc7 Qc6 32. Rd7 Rxb2 33. Rxb2 Qxd7 34. Nxa6 Qb5 35. Nxb4 f5 36. exf5 gxf5 37. Kh3 e4 38. fxe4 fxe4 39. Rb3 Qc4 40. Rb1 e3 41. Kg3 Qe2 42. Rc1 h5 43. Kh2 Qd2 44. Rc7+ Kf6 45. Rc6+ Kf5 46. Nc2 e2 47. Rc5+ Ke4 48. Rc8 0-1

[Event "1000GM Spring Break Schev-A 2024"]
[Site "San Jose"]
[Date "2024.04.01"]
[Round "4.3"]
[White "Liu, Patrick"]
[Black "Garcia Guerrero, Isaac Antonio"]
[Result "1-0"]
[ECO "B36"]
[WhiteElo "2068"]
[BlackElo "2300"]
[Annotator "RC"]
[PlyCount "105"]
[EventDate "2024.03.28"]
[EventType "schev"]
[EventCountry "USA"]
[SourceTitle "playchess.com"]
[Source "ChessBase"]
[SourceQuality "1"]
[TimeControl "5400+30"]

1. e4 c5 2. Nf3 g6 3. d4 cxd4 4. Nxd4 Nc6 5. c4 Nf6 6. Nc3 d6 7. Be2 Nxd4 8. Qxd4 Bg7 9. Be3 O-O 10. Qd2 a5 11. O-O a4 12. f3 Qa5 13. Rfd1 Be6 14. Rac1 Rfc8 15. Nd5 Qxd2 16. Bxd2 Bxd5 17. cxd5 Nd7 18. Rxc8+ Rxc8 19. Rc1 Bd4+ 20. Kf1 Nc5 21. Rc2 Ra8 22. Bb4 Kf8 23. Rc4 Bxb2 24. Bxc5 dxc5 25. Rxc5 Bd4 26. Rc4 Be5 27. Bd1 b5 28. Rb4 Rb8 29. g3 Bc3 30. Rb1 a3 31. Rc1 b4 32. Bb3 g5 33. Ke2 Rb6 34. Rc2 Rh6 35. Ke3 Ke8 36. Rg2 Kd7 37. Kd3 Kd6 38. Rc2 Rh3 39. Rg2 h5 40. Kc4 h4 41. f4 gxf4 42. gxf4 f6 43. e5+ fxe5 44. Rg6+ Kc7 45. Re6 exf4 46. Rxe7+ Kd8 47. d6 Re3 48. Rf7 Ke8 49. d7+ Kd8 50. Ba4 Kc7 51. Rf8 Re4+ 52. Kb3 Rd4 53. Rc8+ 1-0